 Dungeon Crawl Stone Soup version 0.30.0-18-gc0e69614cb (webtiles) character file.

Game seed: 10860770564582287068

183 Irreverend the Grave Robber (level 5, -3/28 HPs)
             Began as a Deep Elf Necromancer on May 25, 2023.
             Slain by an orc
             ... wielding a +0 trident
              (7 damage)
             ... on level 4 of the Dungeon.
             The game lasted 00:08:18 (3691 turns).

Irreverend the Grave Robber (Deep Elf Necromancer)  Turns: 3691, Time: 00:08:18

Health: -3/28      AC:  2    Str:  5    XL:     5   Next: 35%
Magic:  7/13       EV: 13    Int: 28    God:
Gold:   115        SH:  0    Dex: 15    Spells: 5/13 levels left

rFire   . . .        d - +0 dagger (freeze)
rCold   . . .        (no shield)
rNeg    . . .        a - +0 robe
rPois   .            (no helmet)
rElec   .            (no cloak)
rCorr   .            (no gloves)
SInv    .            (no boots)
Will    .....        s - amulet of regeneration
Stlth   ++           o - +6 ring of intelligence
HPRegen 1.04/turn    (no ring)
MPRegen 0.13/turn

%: no passive effects
@: animating dead
A: no striking features
a: no special abilities


You were on level 4 of the Dungeon.
You visited 1 branch of the dungeon, and saw 4 of its levels.

You collected 225 gold pieces.
You spent 110 gold pieces at shops.

Inventory:

Hand Weapons
 d - a +0 dagger of freezing (weapon)
Armour
 a - a +0 robe (worn)
Jewellery
 o - a +6 ring of intelligence (left hand)
 s - an amulet of regeneration (around neck)
Scrolls
 c - a scroll of magic mapping {unknown}
 e - a scroll of noise {unknown}
 g - 3 scrolls of teleportation {unknown}
 i - a scroll of blinking {unknown}
 j - 4 scrolls of identify {unknown}
 l - a scroll of silence {unknown}
 m - a scroll of poison {unknown}
 q - a scroll of fog {unknown}
 r - a scroll of enchant armour {unknown}
 v - a scroll of vulnerability {unknown}
Potions
 b - a potion of magic
 f - a potion of cancellation {unknown}
 h - a potion of curing {unknown}
 k - 2 potions of mutation {unknown}
 n - a potion of attraction {unknown}
 p - a potion of flight {unknown}
 t - a potion of haste {unknown}
 u - a potion of might {unknown}


   Skills:
 + Level 3.9 Dodging
 - Level 2.4 Stealth
 + Level 4.5 Spellcasting
 * Level 6.7 Necromancy


You had 5 spell levels left.
You knew the following spells:

 Your Spells              Type           Power      Damage    Failure   Level
a - Necrotise             Necr           100%       1d9       1%          1
b - Vampiric Draining     Necr           43%        2d9       1%          3
c - Animate Dead          Necr           43%        N/A       4%          4

Your spell library contained the following spells:

 Spells                   Type           Power      Damage    Failure   Level
 Poisonous Vapours        Pois/Air       12%        N/A       11%         2
 Agony                    Necr           43%        N/A       12%         5
 Mephitic Cloud           Conj/Pois/Air  6%         N/A       22%         3
 Freezing Cloud           Conj/Ice/Air   3%         6-21      89%         5


Dungeon Overview and Level Annotations

Branches:
Dungeon (4/15)
 Temple: D:4-7

Altars:
Dithmenos
Uskayaw

Shops:
D:1 *   D:4 *


Message History

You barely miss the orc.
Your reaping aura expires.
The orc closely misses you.
The orc hits you from afar with a +0 trident!
Casting: Necrotise (safe; 1% risk of failure)
Confirm with . or Enter, or press ? or * to list all spells.
You call upon the dead to rise.
The orc completely misses you.
You barely miss the orc.
Casting: Animate Dead (quite dangerous; 4% risk of failure)
Confirm with . or Enter, or press ? or * to list all spells.
Aiming: Necrotise (safe; 1% risk of failure)
Press: ? - help, Shift-Dir - straight line, f - orc
Aim: an orc, wielding a +0 flail (chance to affect: 93%)
The orc writhes in agony.
The orc barely misses you.
You hit the orc. You freeze the orc.
You kill the orc!
The orc hits you from afar with a +0 trident.
You barely miss something. The orc misses you. Something hits you.
You closely miss something. The orc closely misses you. Something hits you.
You barely miss something.
The orc hits you from afar with a +0 trident.
Something hits you.
You hit something but do no damage. The orc barely misses you.
Something hits you.
* * * LOW HITPOINT WARNING * * *
You barely miss something. The orc closely misses you.
Something barely misses you.
You hit something but do no damage.
An orc wizard appears from thin air!
Reactivating autopickup.
The orc hits you from afar with a +0 trident!
* * * LOW HITPOINT WARNING * * *
The orc wizard closely misses you.
Casting: Necrotise (safe; 1% risk of failure)
Confirm with . or Enter, or press ? or * to list all spells.
Aiming: Necrotise (safe; 1% risk of failure)
Press: ? - help, Shift-Dir - straight line, f - orc wizard
Aim: an orc wizard, wielding a +0 dagger and wearing a +0 robe (chance to affect: 83%)
The orc wizard writhes in agony!
The orc hits you from afar with a +0 trident!
You die...

......##..........#
###........†
......#.....#.....
#....###.#..
##...##..........#
###....'...#..
###.............#
#......#######
#####......S.####.######
#...oo.#....# ######
#.oS##.#### #.....
###o#..# #.###. #{#@##
#...#. #oo)# #._.#.
##### #...#. #†###.
#..... ######


You could see an orc wizard and an orc.

Vanquished Creatures
  A jelly (D:4)
  5 adders
  4 worms
  The ghost of AverageBear the Sneak, a weakling DgDe (D:4)
  3 dart slugs
  3 orcs
  4 ball pythons
  6 bats
  7 endoplasms
  2 giant cockroaches
  7 goblins
  4 hobgoblins
  11 jackals
  4 kobolds
  A quokka (D:3)
  3 frilled lizards (D:1)
  2 rats
68 creatures vanquished.

Vanquished Creatures (collateral kills)
  A bat (D:1)
  An endoplasm (D:3)
  4 giant cockroaches
  A jackal (D:1)
  A kobold (D:1)
8 creatures vanquished.

Vanquished Creatures (others)
  A jelly zombie (D:4)
  2 worm zombies (D:4)
  A giant cockroach zombie (D:4)
  A goblin zombie (D:3)
  A hobgoblin zombie (D:4)
6 creatures vanquished.

Grand Total: 82 creatures vanquished

Notes
Turn   | Place    | Note
-------+----------+-------------------------------------------
     0 | D:1      | Irreverend the Deep Elf Necromancer began the quest for the
                  | Orb.
     0 | D:1      | Reached XP level 1. HP: 10/10 MP: 6/6
    68 | D:1      | Reached skill level 5 in Necromancy
    97 | D:1      | Reached XP level 2. HP: 15/15 MP: 1/8
   463 | D:1      | Reached XP level 3. HP: 19/19 MP: 6/10
   602 | D:1      | Found Daolinti's General Store.
   836 | D:2      | Learned a level 3 spell: Vampiric Draining
  1276 | D:2      | Found a faded altar of an unknown god.
  1278 | D:2      | Noticed an eye of devastation
  1278 | D:2      | Noticed a great orb of eyes
  1279 | D:2      | Noticed a golden eye
  1279 | D:2      | Noticed a shining eye
  1560 | D:3      | Reached XP level 4. HP: 17/24 MP: 6/11
  1601 | D:3      | Learned a level 4 spell: Animate Dead
  1709 | D:3      | Reached skill level 6 in Necromancy
  2240 | D:4      | Found a shadowy altar of Dithmenos.
  2696 | D:4      | Reached XP level 5. HP: 13/28 MP: 4/13
  2868 | D:4      | Found Nufuvol's Assorted Antiques.
  2878 | D:4      | Bought a glowing filigree amulet for 110 gold pieces
  3134 | D:4      | Found a hide-covered altar of Uskayaw.
  3271 | D:4      | Found a runed translucent door.
  3275 | D:4      | Noticed AverageBear's ghost (weakling DgDe)
  3531 | D:4      | Killed AverageBear's ghost
  3691 | D:4      | Slain by an orc

Illustrated notes

Levels and vault maps discovered:
D:1:      lightli_arrival_statue_moat, layout_rooms, serial_shops,
          nicolae_shop_hallway_stairs
D:2:      layout_loops_ring, hellmonk_ecumenical_altar_watching_god
D:3:      layout_basic
D:4:      minmay_skewed_foursquare, layout_basic, nemelex_altar_shiori,
          trog_butcher_becter, mainiacjoe_overflow_alcove_4,
          grunt_dithmenos_smoke, ebering_ghost_sewer_d, serial_shops, shop

Skill      XL: |  1  2  3  4 |
---------------+-------------+-----
Necromancy     | 5 6 |  6.7
Dodging        | 3 |  3.9
Spellcasting   | 4 |  4.5
Stealth        | |  2.4

Action                     |  1- 3 |  4- 6 || total
---------------------------+-------+-------++-------
  Melee: Dagger            |     2 |    72 ||    74
         Punch             |       |     1 ||     1
   Cast: Necrotise         |    69 |    42 ||   111
         Animate Dead      |       |     9 ||     9
         Vampiric Draining |       |     3 ||     3
 Armour: Robe              |     2 |    13 ||    15
  Dodge: Dodged            |     9 |    63 ||    72
